 Dungeon Crawl Stone Soup version 0.23.0 (webtiles) character file.

Game seed: 13778856243879106742

18354 Kondrat the Cleaver (level 12, -3/100 HPs)
             Began as a Formicid Fighter on Feb 9, 2019.
             Was the Champion of Okawaru.
             Slain by a death knight
             ... wielding a +0 battleaxe
              (14 damage)
             ... on level 11 of the Dungeon.
             The game lasted 00:38:18 (12058 turns).

Kondrat the Cleaver (Formicid Fighter)             Turns: 12058, Time: 00:38:18

Health: -3/100     AC: 19    Str: 28    XL:     12   Next: 94%
Magic:  21/21      EV: 13    Int:  9    God:    Okawaru [******]
Gold:   723        SH: 12    Dex: 12    Spells: 11/11 levels left

rFire    + . .     SeeInvis +   I - +6 morningstar (holy)
rCold    . . .     Gourm    .   c - +0 shield
rNeg     + + .     Faith    +   C - +0 plate armour
rPois    +         Spirit   .   (helmet unavailable)
rElec    .         Reflect  .   g - +1 cloak
rCorr    .         Harm     .   S - +0 pair of gloves {Str+3}
MR       ++...     Clarity  +   J - +0 pair of boots (curse)
Stlth    ..........             l - amulet of Laol {Faith rPois rN+ MR+ Dex-3}
HPRegen  0.26/turn              H - ring "Xyfasioc" {rF+ rN+ MP+9}
MPRegen  0.17/turn              v - ring of poison resistance

@: agile
A: permanent stasis, dig shafts and tunnels, four strong arms, antennae 3,
clarity, sense surroundings 1
a: Dig, Shaft Self, Heroism, Finesse, Renounce Religion


You were on level 11 of the Dungeon.
You worshipped Okawaru.
Okawaru was exalted by your worship.
You were hungry.

You visited 2 branches of the dungeon, and saw 13 of its levels.
You also visited: Bailey.

You collected 853 gold pieces.
You spent 130 gold pieces at shops.

Inventory:

Hand Weapons
 m - a +1 war axe of electrocution
 y - a +0 broad axe
 A - a +0 battleaxe
 I - a +6 morningstar of holy wrath (weapon)
Missiles
 F - 21 tomahawks of returning (quivered)
Armour
 c - a +0 shield (worn)
 g - a +1 cloak (worn)
 C - a +0 plate armour (worn)
 J - a cursed +0 pair of boots (worn)
 S - a +0 pair of gloves of strength (worn)
Jewellery
 l - the amulet of Laol (around neck) {Faith rPois rN+ MR+ Dex-3}
   (You found it in a bailey)

   [amulet of faith]

   It allows you to gain divine favour quickly.
   It affects your dexterity (-3).
   It protects you from poison.
   It protects you from negative energy.
   It affects your resistance to hostile enchantments.
 v - a ring of poison resistance (right hand)
 E - an uncursed ring of fire
 H - the ring "Xyfasioc" (left hand) {rF+ rN+ MP+9}
   (You found it on level 8 of the Dungeon)

   [ring of magical power]

   It protects you from fire.
   It protects you from negative energy.
   It affects your magic capacity (+9).
 P - a +3 ring of dexterity {unknown}
Wands
 x - a wand of paralysis (8)
 K - a wand of polymorph (12)
 O - a wand of disintegration (12)
 Q - a wand of iceblast (12)
Scrolls
 a - a scroll of fear
 e - 7 scrolls of identify
 h - 4 scrolls of enchant weapon
 i - a scroll of silence {unknown}
 k - a scroll of acquirement {unknown}
 r - 2 scrolls of enchant armour
 t - a scroll of random uselessness {unknown}
 u - 3 scrolls of amnesia {unknown}
 w - a scroll of vulnerability {unknown}
 z - 2 scrolls of fog {unknown}
 G - 2 scrolls of torment {unknown}
 M - a scroll of summoning {unknown}
 N - a scroll of magic mapping
Potions
 b - a potion of resistance
 j - a potion of cancellation
 n - a potion of flight
 o - 2 potions of mutation
 p - a potion of experience {unknown}
 q - 3 potions of curing
 B - 3 potions of magic
 D - a potion of ambrosia
Miscellaneous
 R - a sack of spiders
Comestibles
 d - 5 chunks of flesh
 f - 19 rations


   Skills:
 - Level 11.0 Fighting
 + Level 13.8 Axes
   Level 2.0 Staves
 - Level 10.0 Armour
 - Level 9.0 Shields


You had 11 spell levels left.
You didn't know any spells.
Your spell library contained the following spells:

 Spells                   Type           Power        Failure   Level  Hunger
 Flame Tongue             Conj/Fire      #....        97%         1    ##.....
 Freeze                   Ice            #...         97%         1    ##.....
 Throw Flame              Conj/Fire      #.....       99%         2    ###....
 Throw Frost              Conj/Ice       #.....       99%         2    ###....
 Conjure Flame            Conj/Fire      #.......     100%        3    ####...
 Inner Flame              Hex/Fire       #.......     100%        3    ####...
 Ozocubu's Armour         Chrm/Ice       #.......     100%        3    ####...
 Sticky Flame             Conj/Fire      #.......     100%        4    #####..
 Summon Ice Beast         Ice/Summ       #.......     100%        4    #####..
 Throw Icicle             Conj/Ice       #.......     100%        4    #####..
 Fireball                 Conj/Fire      #.........   100%        5    ######.


Dungeon Overview and Level Annotations

Branches:
Dungeon (12/15)            Temple (1/1) D:6            Lair (0/6) D:10
    Orc: D:9-12

Altars:
Ashenzari
Cheibriados
Dithmenos
Elyvilon
Fedhas
Gozag
Hepliaklqana
Kikubaaqudgha
Makhleb
Nemelex Xobeh
Okawaru
Qazlal
Ru
Sif Muna
Trog
Uskayaw
Vehumet
Wu Jian
Xom
Yredelemnul
Zin
The Shining One

Shops:
D:8 [   D:11 (

Annotations:
D:8 2 runed translucent doors


Innate Abilities, Weirdness & Mutations

You cannot be hasted, slowed, berserked, paralysed or teleported.
You can dig through walls and to a lower floor.
Your four strong arms can wield two-handed weapons with a shield.
You have a pair of large antennae on your head. (SInv)
You possess an exceptional clarity of mind.
You passively map a small area around you.


Message History

The death knight is severely wounded.
The death knight reflects your damage back at you!
* * * LOW HITPOINT WARNING * * *
You block the death knight's attack.
You bludgeon the death knight!!
The death knight is almost dead.
The death knight reflects your damage back at you!
* * * LOW HITPOINT WARNING * * *
You feel better.
You feel like a meek peon again.
The death knight's dark mirror aura disappears.
The death knight mumbles some strange prayers to Yredelemnul against you.
You easily resist.
You hit the death knight but do no damage.
The death knight is almost dead.
The death knight hits you with a +0 battleaxe!!
* * * LOW HITPOINT WARNING * * *
You feel better.
The death knight hits you with a +0 battleaxe!
You die...

#.##.#......# .#
.#..##..###.##.#
#.#.#..........#
#..##.#..##.#..#
.###..#.[......#
..##.###.##.#.##
){#..# #.#..#.#
##{.####.#.##.####
.(.{{#.#.#.##..#@#
....#.#p....>.#p##
.....#####..#####
......####...##
......+.......#
......####...##
.....## #..##
....## #.## ...##
##.#


You could see a death knight.

Vanquished Creatures
  An orc warlord (Bailey)
  Erolcha (D:9)
  Harold (D:10)
  A hydra (D:8)
  A two-headed ogre (D:9)
  A tengu warrior (D:11)
  An unseen horror (D:10)
  A wizard (D:11)
  An orc knight (Bailey)
  Pikel (D:7)
  An ugly thing (D:11)
  Maurice (D:9)
  Psyche (D:11)
  A gargoyle (D:11)
  A freezing wraith (D:11)
  A troll (D:11)
  3 hornets (D:10)
  A hippogriff (D:10)
  Sigmund (D:4)
  A shadow (D:11)
  2 vampires
  4 yaks (D:10)
  Grum (D:9)
  A wyvern (D:8)
  A steam dragon (D:11)
  A soldier ant (D:10)
  An acid dragon (D:11)
  4 porcupines (D:10)
  5 orc warriors
  A black bear (D:10)
  A hornet zombie (D:8)
  An ice beast (D:11)
  3 sky beasts
  6 ogres
  3 phantoms
  8 centaurs
  3 wolves (D:9)
  3 crocodiles
  10 bullfrogs
  2 big kobolds (D:11)
  A gnoll sergeant (D:10)
  3 scorpions
  3 killer bees (D:11)
  9 wights
  A howler monkey (D:6)
  2 crimson imps
  6 hounds
  2 bullfrog zombies
  2 centaur zombies (D:11)
  A jelly (D:11)
  8 orc priests
  5 centaur skeletons
  4 iguanas
  4 bullfrog skeletons
  Natasha (thrice) (D:4)
  5 orc wizards
  8 worker ants
  3 hound skeletons
  Robin (D:3)
  2 worker ant zombies
  11 gnolls
  15 adders
  A howler monkey skeleton (D:6)
  3 shadow imps
  2 oozes
  A worm (D:3)
  An adder skeleton (D:5)
  3 dart slugs
  7 leopard geckos
  18 orcs
  5 giant cockroaches
  16 goblins
  16 hobgoblins
  9 jackals
  29 kobolds
  6 quokkas
  2 ball pythons
  7 bats
  12 frilled lizards
  A jackal skeleton (D:4)
  A leopard gecko skeleton (D:5)
  6 rats
328 creatures vanquished.

Vanquished Creatures (others)
  A bullfrog (D:7)
  12 fungi (D:10)
  2 plants (D:10)
15 creatures vanquished.

Grand Total: 343 creatures vanquished

Notes
Turn   | Place    | Note
-------+----------+-------------------------------------------
     0 | D:1      | Kondrat the Formicid Fighter began the quest for the Orb.
     0 | D:1      | Reached XP level 1. HP: 18/18 MP: 1/1
    75 | D:1      | Reached XP level 2. HP: 25/25 MP: 2/2
   200 | D:1      | You fall through a shaft!
   261 | D:2      | Reached XP level 3. HP: 31/31 MP: 3/3
   469 | D:2      | Reached skill level 5 in Fighting
   469 | D:2      | Reached XP level 4. HP: 39/39 MP: 4/4
   599 | D:2      | Found a radiant altar of Vehumet.
  1135 | D:1      | Reached XP level 5. HP: 45/46 MP: 5/5
  1729 | D:3      | Noticed Robin
  1765 | D:3      | Killed Robin
  1962 | D:3      | Noticed an ogre
  1971 | D:3      | Killed an ogre
  1971 | D:3      | Reached skill level 5 in Shields
  1971 | D:3      | Reached XP level 6. HP: 38/52 MP: 6/6
  2191 | D:3      | Found an ancient bone altar of Kikubaaqudgha.
  2191 | D:3      | Found a deep blue altar of Sif Muna.
  2242 | D:4      | Noticed Sigmund
  2263 | D:4      | Killed Sigmund
  2263 | D:4      | Reached XP level 7. HP: 52/58 MP: 7/7
  2373 | D:4      | Gained mutation: You passively map a small area around you.
                  | [potion of mutation]
  2373 | D:4      | Gained mutation: You possess an exceptional clarity of
                  | mind. [potion of mutation]
  2538 | D:4      | Noticed Natasha
  2545 | D:4      | Killed Natasha
  2855 | D:4      | Noticed Natasha
  2864 | D:4      | Killed Natasha
  2884 | D:4      | Got a slimy leather armour
  2895 | D:4      | Identified the +3 leather armour "Zoubb" {*Corrode +Blink
                  | MR- Dex+8} (You found it on level 4 of the Dungeon)
  3045 | D:4      | Reached XP level 8. HP: 64/64 MP: 8/8
  3084 | D:4      | Found a shattered altar of Ashenzari.
  3169 | D:4      | Noticed Natasha
  3177 | D:4      | Killed Natasha
  3303 | D:5      | Entered Level 5 of the Dungeon
  3447 | D:5      | Reached skill level 5 in Armour
  3534 | D:5      | Found a glowing golden altar of the Shining One.
  4411 | D:6      | Reached XP level 9. HP: 68/69 MP: 9/9
  4447 | D:6      | HP: 3/69 [orc wizard/magic dart (6)]
  4861 | D:6      | Found a staircase to the Ecumenical Temple.
  4876 | Temple   | Entered the Ecumenical Temple
  5064 | Temple   | Became a worshipper of Warmaster Okawaru
  5556 | D:7      | Found a shadowy altar of Dithmenos.
  5641 | D:7      | Found a flagged portal.
  5670 | D:7      | Reached * piety under Okawaru
  5670 | D:7      | Reached skill level 10 in Armour
  5685 | Bailey   | Entered a bailey
  5690 | Bailey   | Noticed an orc warlord
  5757 | Bailey   | Noticed an orc knight
  5905 | Bailey   | Killed an orc knight
  5926 | Bailey   | Found a runed translucent gate.
  5926 | Bailey   | Found a runed translucent gate.
  5926 | Bailey   | Found a runed translucent gate.
  6268 | Bailey   | Killed an orc warlord
  6268 | Bailey   | Reached ** piety under Okawaru
  6268 | Bailey   | Reached *** piety under Okawaru
  6268 | Bailey   | Reached skill level 10 in Fighting
  6268 | Bailey   | Reached XP level 10. HP: 66/86 MP: 8/10
  6357 | Bailey   | Got a scorched brass amulet
  6358 | Bailey   | Identified the amulet of Laol {Faith rPois rN+ MR+ Dex-3}
                  | (You found it in a bailey)
  6644 | D:7      | Noticed Pikel
  6664 | D:7      | Killed Pikel
  6664 | D:7      | Reached **** piety under Okawaru
  6664 | D:7      | Reached skill level 2 in Axes
  6696 | D:7      | Reached skill level 3 in Axes
  7267 | D:8      | Found Geazoo's Antique Armour Shop.
  7294 | D:8      | Bought a pair of gloves for 130 gold pieces
  7338 | D:8      | Reached skill level 4 in Axes
  7409 | D:8      | Got a clouded bone ring
  7602 | D:8      | Reached skill level 5 in Axes
  7603 | D:8      | Found a large runed translucent door.
  7624 | D:8      | Found a large runed translucent door.
  7686 | D:8      | Found an ancient bone altar of Kikubaaqudgha.
  7686 | D:8      | Noticed a six-headed hydra
  7698 | D:8      | Killed a six-headed hydra
  7698 | D:8      | Reached skill level 6 in Axes
  7698 | D:8      | Reached XP level 11. HP: 44/93 MP: 9/11
  7906 | D:8      | Found an ancient bone altar of Kikubaaqudgha.
  7906 | D:8      | Noticed a yaktaur captain
  8567 | D:9      | Noticed a +0 dagger
  8569 | D:9      | Noticed a +0 hand axe
  8579 | D:9      | Found a hide-covered altar of Uskayaw.
  8671 | D:9      | Reached skill level 7 in Axes
  8740 | D:9      | Noticed Maurice
  8746 | D:9      | Killed Maurice
  8746 | D:9      | Reached ***** piety under Okawaru
  8771 | D:9      | Reached skill level 8 in Axes
  8778 | D:9      | Noticed Erolcha
  8811 | D:9      | Killed Erolcha
  8952 | D:9      | Found an opulent altar of Gozag.
  8997 | D:9      | Noticed a two-headed ogre
  9010 | D:9      | Killed a two-headed ogre
  9010 | D:9      | Reached skill level 9 in Axes
  9029 | D:9      | Noticed Grum
  9059 | D:9      | Killed Grum
  9495 | D:9      | Identified the ring "Xyfasioc" {rF+ rN+ MP+9} (You found it
                  | on level 8 of the Dungeon)
  9502 | D:10     | Entered Level 10 of the Dungeon
  9570 | D:10     | Reached skill level 10 in Axes
  9587 | D:10     | Received a gift from Okawaru
  9899 | D:10     | Noticed Harold
  9930 | D:10     | Killed Harold
  9930 | D:10     | Reached XP level 12. HP: 97/100 MP: 12/12
  9930 | D:10     | Noticed an unseen horror
  9938 | D:10     | Killed an unseen horror
  9938 | D:10     | Reached skill level 11 in Axes
 10034 | D:10     | Received a gift from Okawaru
 10331 | D:10     | Found a staircase to the Lair.
 10476 | D:10     | Reached skill level 12 in Axes
 10482 | D:10     | Reached ****** piety under Okawaru
 10938 | D:11     | Found Otesehi's Antique Weapon Emporium.
 11168 | D:11     | Noticed Psyche
 11181 | D:11     | Killed Psyche
 11743 | D:11     | Found a runed translucent door.
 11772 | D:11     | Noticed a wizard
 11797 | D:11     | Received a gift from Okawaru
 11809 | D:11     | Reached skill level 13 in Axes
 11861 | D:11     | Found a burning altar of Makhleb.
 11874 | D:11     | Killed a wizard
 11981 | D:11     | Noticed a death knight
 11982 | D:11     | Noticed a tengu warrior
 12039 | D:11     | Killed a tengu warrior
 12057 | D:11     | HP: 1/100 [death knight/+0 battleaxe (23)]
 12058 | D:11     | Slain by a death knight

Skill      XL: |  1  2  3  4  5  6  7  8  9 10 11 12 |
---------------+-------------------------------------+-----
Fighting       | 4 5 6 10 11 | 11.0
Shields        | 5 7 8 9 |  9.0
Armour         | 7 10 | 10.0
Axes           | 6 10 13 | 13.8
Staves         | |  2.0

Action                   |  1- 3 |  4- 6 |  7- 9 | 10-12 || total
-------------------------+-------+-------+-------+-------++-------
Melee: Quarterstaff      |    83 |   229 |   459 |   274 ||  1045
       Hand axe          |       |       |       |   149 ||   149
       War axe           |       |       |       |   129 ||   129
       Morningstar       |       |       |       |   220 ||   220
Throw: Tomahawk          |       |       |    21 |       ||    21
Invok: Heroism           |       |       |     2 |    16 ||    18
 Abil: Dig               |     1 |     2 |    10 |    16 ||    29
       Shaft Self        |     1 |       |       |       ||     1
Evoke: Wand              |       |       |     7 |    10 ||    17
  Use: Scroll            |       |     1 |    18 |       ||    19
       Potion            |       |       |     9 |     4 ||    13
  Eat: Chunk             |       |     6 |    14 |    12 ||    32
       Ration            |       |       |       |     3 ||     3
Armor: Scale mail        |    37 |    71 |       |       ||   108
       Chain mail        |       |    15 |   200 |     7 ||   222
       Skin              |       |       |    11 |     3 ||    14
       Plate armour      |       |       |       |   319 ||   319
Dodge: Dodged            |    24 |    61 |   121 |   202 ||   408
Block: Shield            |    35 |   118 |   330 |   447 ||   930
